 Dungeon Crawl Stone Soup version 0.29.1-15-g9cfb28693d (webtiles) character file.

Game seed: 17569121273239985229

17 Gabide the Insei (level 2, 0/24 HPs)
             Began as a Human Monk on Apr 24, 2023.
             Slain by an adder (3 damage)
             ... on level 2 of the Dungeon.
             The game lasted 00:02:53 (850 turns).

Gabide the Insei (Human Monk)                        Turns: 850, Time: 00:02:54

Health: 0/24       AC:  3    Str: 11    XL:     2   Next: 80%
Magic:  2/2        EV:  9    Int: 10    God:
Gold:   39         SH:  0    Dex: 15    Spells: 1/1 levels left

rFire   . . .      SeeInvis .     - Unarmed
rCold   . . .      Faith    .   (no shield)
rNeg    . . .      Spirit   .   c - +0 leather armour
rPois   .          Reflect  .   (no helmet)
rElec   .          Harm     .   (no cloak)
rCorr   .          Rampage  .   (no gloves)
Will    .....                   (no boots)
Stlth   ++........              (no amulet)
HPRegen 0.08/turn               (no ring)
MPRegen 0.08/turn               (no ring)

@: lethally poisoned (0 -> -4), about to teleport, flying, constricted
A: no striking features
a: no special abilities


You were on level 2 of the Dungeon.
You visited 1 branch of the dungeon, and saw 2 of its levels.

You collected 39 gold pieces.

Inventory:

Armour
 c - a +0 leather armour (worn)
Scrolls
 d - a scroll of teleportation
Potions
 f - a potion of attraction


   Skills:
 + Level 3.2 Fighting
 + Level 3.2 Dodging
 - Level 2.0 Stealth
 * Level 3.4 Unarmed Combat


You had one spell level left.
You didn't know any spells.
Your spell library contained the following spells:

 Spells                   Type           Power      Damage    Failure   Level
 Sandblast                Erth           0%         2d4       45%         1
 Passwall                 Tmut/Erth      0%         N/A       58%         2
 Stone Arrow              Conj/Erth      0%         3d7       83%         3


Dungeon Overview and Level Annotations

Branches:
Dungeon (2/15)

Altars:


Message History

You miss the adder. Your punch misses the adder.
The adder is heavily wounded.
You feel sick.
You are no longer poisoned.
The ball python bites you. The ball python barely misses you.
The adder bites you.
You're too confused to move!
You feel less invigorated.
You feel less confused. The ball python bites you.
The ball python completely misses you. The adder closely misses you.
You barely miss the adder.
The adder is heavily wounded.
The ball python bites you. The ball python grabs you.
The ball python constricts you.
The adder bites you but does no damage. x2
The ball python closely misses you. The ball python constricts you.
You closely miss the adder.
The adder is heavily wounded.
The ball python barely misses you. The ball python constricts you.
The adder bites you but does no damage.
You hit the adder.
The adder is severely wounded.
The adder bites you.
You are poisoned.
The adder poisons you! The ball python bites you.
* * * LOW HITPOINT WARNING * * *
The ball python constricts you.
* * * LOW HITPOINT WARNING * * *
Okay, then.
As you read the scroll of teleportation, it crumbles to dust.
You feel strangely unstable.
* * * LOW HITPOINT WARNING * * *
You feel sick. The adder bites you but does no damage.
The ball python bites you but does no damage.
The ball python constricts you.
* * * LOW HITPOINT WARNING * * *
You hit the adder.
The adder is almost dead.
* * * LOW HITPOINT WARNING * * *
You feel sick. The adder bites you.
You die...

### ..# ..... #.# ......
###.##########......#
...#...............# ###
#....[......)....$#
...#.................#
#.#.#...............#
#.#.#...#.....@S........#
.......<#......S........#
.##.#####................
.. #.........++###.. ##
#.........# ###########


You could see an adder and a ball python.

Vanquished Creatures
  3 bats (D:1)
  2 endoplasms (D:1)
  2 giant cockroaches (D:1)
  A hobgoblin (D:1)
  A quokka (D:1)
  3 ball pythons (D:1)
  A frilled lizard (D:1)
  A kobold (D:1)
  3 rats (D:1)
17 creatures vanquished.

Notes
Turn   | Place    | Note
-------+----------+-------------------------------------------
     0 | D:1      | Gabide the Human Monk began the quest for the Orb.
     0 | D:1      | Reached XP level 1. HP: 18/18 MP: 1/1
   238 | D:1      | Reached XP level 2. HP: 24/24 MP: 2/2
   850 | D:2      | Slain by an adder

Illustrated notes

Levels and vault maps discovered:
D:1:      wander_arrival_estate, layout_rooms, minmay_door_square
D:2:      layout_basic, basic_altar, minmay_tromino_v2, uniq_terence

Action                   || total
-------------------------++-------
Melee: Unarmed           ||    83
  Use: Scroll            ||     6
       Potion            ||     3
 Stab: Sleeping          ||     5
Armor: Robe              ||     3
       Leather armour    ||    21
       Ring mail         ||     9
Dodge: Dodged            ||    51
